 Dungeon Crawl Stone Soup version 0.27-a0-972-gd1521fd518 (webtiles) character file.

Game seed: 3726375155838539628

525 Glokmah the Charlatan (level 7, -3/40 HPs)
             Began as a Kobold Artificer on Apr 14, 2021.
             Killed by divine providence
             ... invoked by an orc priest
              (17 damage)
             ... on level 4 of the Dungeon.
             The game lasted 00:11:05 (4637 turns).

Glokmah the Charlatan (Kobold Artificer)            Turns: 4637, Time: 00:11:06

Health: -3/40      AC:  7    Str: 10    XL:     7   Next: 47%
Magic:  7/7        EV: 15    Int: 12    God:
Gold:   77         SH:  0    Dex: 17    Spells: 6/6 levels left

rFire    . . .     SeeInvis .   a - +0 short sword
rCold    . . .     Faith    .   (shield restricted)
rNeg     . . .     Spirit   .   j - +0 leather armour
rPois    .         Reflect  .   (no helmet)
rElec    .         Harm     .   (no cloak)
rCorr    +         Rampage  .   (no gloves)
Will     .....                  (no boots)
Stlth    ++++......             (no amulet)
HPRegen  0.13/turn              g - +4 ring of protection
MPRegen  0.10/turn              i - ring of resist corrosion

@: no status effects
A: small, no large weapons, nightstalker 3
a: no special abilities


You were on level 4 of the Dungeon.
You visited 1 branch of the dungeon, and saw 6 of its levels.

You collected 77 gold pieces.

Inventory:

Hand Weapons
 a - a +0 short sword (weapon)
 b - a +0 dagger
Missiles
 o - 2 datura-tipped darts
 s - 7 boomerangs (quivered)
Armour
 j - a +0 leather armour (worn)
Jewellery
 g - a +4 ring of protection (left hand)
 i - a ring of resist corrosion (right hand)
Wands
 c - a wand of flame (17)
 d - a wand of charming (10)
Scrolls
 l - a scroll of teleportation {unknown}
 m - a scroll of magic mapping {unknown}
 p - a scroll of enchant armour {unknown}
 q - a scroll of immolation {unknown}
 t - 2 scrolls of identify {unknown}
 u - a scroll of amnesia {unknown}
Potions
 f - 2 potions of mutation {unknown}
 h - 3 potions of curing {unknown}
 k - a potion of flight {unknown}
 n - a potion of cancellation {unknown}
 r - a potion of degeneration {unknown}
Miscellaneous
 e - a piece from Xom's chessboard (13/15)


   Skills:
 + Level 2.9 Fighting
 * Level 4.0 Short Blades
 - Level 0.7 Armour
 + Level 3.9 Dodging
 * Level 5.5 Stealth
 * Level 5.9 Evocations


You had 6 spell levels left.
You didn't know any spells.
Your spell library was empty.

Dungeon Overview and Level Annotations

Branches:
Dungeon (6/15)
 Temple: D:4-7

Altars:
Vehumet
Wu Jian


Innate Abilities, Weirdness & Mutations

You are small and have problems with some larger weapons.
You are completely attuned to the shadows.


Message History

The orc closely misses you.
The orc priest casts a cantrip, but nothing happens.
Things that are here:
a +0 short sword; a +0 chain mail You hit the orc but do no damage.
The orc hits you with a +0 falchion.
You hit the orc.
The orc is heavily wounded.
The orc misses you.
a - a +0 short sword (weapon)
The orc barely misses you.
You hit the orc.
The orc is almost dead.
The orc priest calls down the wrath of Beogh upon you.
Beogh smites you!
You hit the orc.
You kill the orc!
You hit the orc.
The orc is severely wounded.
The orc completely misses you.
You hit the orc.
You kill the orc!
You hit the orc.
The orc is severely wounded.
The orc hits you with a +0 club.
You barely miss the orc.
The orc is severely wounded.
The orc closely misses you.
You barely miss the orc.
The orc is severely wounded.
The orc hits you but does no damage.
The orc priest invokes the aid of Beogh against you.
Beogh smites you!
You hit the orc but do no damage.
The orc is severely wounded.
The orc closely misses you.
You hit the orc.
The orc is almost dead.
The orc priest mumbles some strange prayers to Beogh against you.
Beogh smites you!
You die...

#########
#>.@oo...
......######
..[...#
......#
......#


You could see an orc priest and an orc.

Vanquished Creatures
  A troll (D:6)
  A phantom (D:6)
  A scorpion (D:6)
  A centaur zombie (D:6)
  An orc wizard (D:6)
  A hound zombie (D:2)
  A gnoll (D:6)
  An adder (D:2)
  An ufetubus (D:6)
  A worm (D:2)
  A dart slug (D:2)
  6 orcs
  7 ball pythons
  5 endoplasms
  2 giant cockroaches
  4 hobgoblins
  4 kobolds
  3 quokkas
  A bat (D:1)
  2 frilled lizards (D:2)
  3 rats
48 creatures vanquished.

Vanquished Creatures (collateral kills)
  3 gnolls (D:6)
  4 orcs (D:3)
  A hobgoblin (D:3)
8 creatures vanquished.

Vanquished Creatures (others)
  A gnoll sergeant (D:6)
  An orc priest (D:3)
  A gnoll (D:6)
  An orc (D:3)
4 creatures vanquished.

Grand Total: 60 creatures vanquished

Notes
Turn   | Place    | Note
-------+----------+-------------------------------------------
     0 | D:1      | Glokmah the Kobold Artificer began the quest for the Orb.
     0 | D:1      | Reached XP level 1. HP: 12/12 MP: 1/1
   541 | D:1      | Reached XP level 2. HP: 10/16 MP: 2/2
  1811 | D:2      | Reached XP level 3. HP: 10/20 MP: 3/3
  2797 | D:2      | Reached XP level 4. HP: 17/26 MP: 4/4
  2933 | D:2      | Found a faded altar of an unknown god.
  3238 | D:3      | Reached skill level 1 in Short Blades
  3692 | D:3      | Found a radiant altar of Vehumet.
  3713 | D:3      | You fall into a shaft and drop 3 floors!
  3724 | D:6      | Noticed a water moccasin
  3736 | D:6      | Reached XP level 5. HP: 30/30 MP: 5/5
  3772 | D:6      | Reached skill level 5 in Evocations
  3900 | D:6      | Noticed a phantom
  3924 | D:6      | Killed a phantom
  3925 | D:6      | Reached XP level 6. HP: 28/36 MP: 6/6
  4010 | D:6      | Noticed a troll
  4096 | D:6      | Killed a troll
  4097 | D:6      | Reached skill level 5 in Stealth
  4097 | D:6      | Reached XP level 7. HP: 40/40 MP: 7/7
  4465 | D:6      | Found an ornate altar of the Wu Jian Council.
  4599 | D:5      | Entered Level 5 of the Dungeon
  4637 | D:4      | Killed from afar by an orc priest

Illustrated notes

Levels and vault maps discovered:
D:1:      dpeg_arrival_long_road, layout_basic, minmay_shallow_snake_nest
D:2:      layout_rooms, serial_corexii_hall, corexii_hall_statues_t,
          corexii_hall_statues_i, hellmonk_ecumenical_altar_zigzags,
          eino_tiny_chamber, kennysheep_generic_room_9
D:3:      layout_rooms, fiery_altar_vehumet, cheibrodos_gnoll_hut
D:4:      layout_basic, nicolae_yredelemnul_ghost_church,
          nicolae_gozag_cash_rules_everything_around_me, uniq_grinder,
          uniq_crazy_yiuf_cottage
D:5:      layout_cave_pools, eino_tiny_chamber, kennysheep_generic_room_11
D:6:      layout_basic, nicolae_overflow_crystal_walls,
          minmay_temple_entry_glassed_door

Skill      XL: |  1  2  3  4  5  6  7 |
---------------+----------------------+-----
Stealth        | 2 3 4 5 |  5.5
Evocations     | 4 5 |  5.9
Dodging        | 3 |  3.9
Short Blades   | 1 2 3 4 |  4.0
Fighting       | 2 |  2.9
Armour         | |  0.7

Action                   |  1- 3 |  4- 6 |  7- 9 || total
-------------------------+-------+-------+-------++-------
Melee: Club              |    21 |       |       ||    21
       Short sword       |    84 |    45 |    13 ||   142
       Dagger            |    41 |    10 |     5 ||    56
Throw: Boomerang         |       |     1 |     5 ||     6
Evoke: Wand              |     3 |    14 |     3 ||    20
       Piece from Xom's  |     1 |     2 |     2 ||     5
 Stab: Sleeping          |    13 |     3 |     3 ||    19
       Paralysed         |       |     2 |       ||     2
Armor: Leather armour    |    37 |    16 |     2 ||    55
Dodge: Dodged            |   122 |    61 |    18 ||   201

Table legend: (Time is in decaauts)
 A = Elapsed time spent in this place.
 B = Non-inter-level travel time spent in this place.
 C = Inter-level travel time spent in this place.
 D = Time resting spent in this place.
 E = Time spent auto-exploring this place.
 F = Levels seen in this place.
 G = Mean time per level.
                   A        B        C        D        E       F      G
               +--------+--------+--------+--------+--------+-----+--------+
         Total |   4642 |   4489 |    153 |   1339 |   1935 |   6 |  773.7 |
       Dungeon |   4642 |   4489 |    153 |   1339 |   1935 |   6 |  773.7 |
               +--------+--------+--------+--------+--------+-----+--------+

Top non-repeatable levels by time:
     D:1: 1866 daAuts
     D:2: 1305 daAuts
     D:6: 884 daAuts
     D:3: 551 daAuts
     D:5: 20 daAuts
     D:4: 14 daAuts
